 Dungeon Crawl Stone Soup version 0.25-a0-460-g4f2eb97ec1 (webtiles) character file.

Game seed: 3937233654316754311, levelgen mode: deterministic

730 Eurus the Magician (level 7, -4/54 HPs)
             Began as a Mummy Conjurer on Feb 3, 2020.
             Was an Initiate of Ashenzari.
             Shot with an arrow by a centaur (9 damage)
             ... on level 6 of the Dungeon.
             The game lasted 00:14:48 (6454 turns).

Eurus the Magician (Mummy Conjurer)                 Turns: 6454, Time: 00:14:49

Health: -4/54      AC:  5    Str: 15    XL:     7   Next: 44%
Magic:  7/16       EV: 12    Int: 20    God:    Ashenzari [......]
Gold:   324        SH:  0    Dex: 13    Spells: 15/18 levels left

rFire    . . .     SeeInvis .   h - +6 club
rCold    + . .     Gourm    .   (no shield)
rNeg     + + +     Faith    .   p - +3 robe of Surprise {rF+ Str+4 Int+4} (curse)
rPois    ∞         Spirit   .   a - +0 hat {MR+}
rElec    .         Reflect  .   c - scarf {cloud immunity}
rCorr    +         Harm     .   (no gloves)
MR       +....                  (no boots)
Stlth    ++........             (no amulet)
HPRegen  0.18/turn              s - ring of resist corrosion
MPRegen  0.15/turn              (no ring)

@: no status effects
A: no food or potions, fire vulnerability, cold resistance 1, negative energy
resistance 3, torment resistance, unbreathing
a: Curse Item, Renounce Religion


You were on level 6 of the Dungeon.
You worshipped Ashenzari.
Ashenzari was noncommittal.
You were not hungry.

You visited 2 branches of the dungeon, and saw 7 of its levels.

You collected 324 gold pieces.

Inventory:

Hand Weapons
 h - a +6 club (weapon)
 q - the cursed +0 mace "Impbane" {vorpal, Fragile rC++}
   (You found it on level 4 of the Dungeon)

   It inflicts extra damage upon your enemies.
   It greatly protects you from cold.
   It will be destroyed if unequipped.
   It has a curse placed upon it.
 v - a +4 quarterstaff of chaos
Armour
 a - a +0 hat of magic resistance (worn)
 c - a scarf of cloud immunity (worn)
 k - a +0 helmet
 o - a +0 shield
 p - the cursed +3 robe of Surprise (worn) {rF+ Str+4 Int+4}
   (You found it on level 4 of the Dungeon)

   It affects your strength (+4).
   It affects your intelligence (+4).
   It protects you from fire.
   If you remove this armour, your AC will fall 5 points (5 -> 0) It has a curse
   placed upon it.
 w - a +0 cloak
Jewellery
 n - the ring of Zin's Esteem {Ice +Inv rPois}
   (You found it on level 5 of the Dungeon)

   [ring of ice]

   It enhances your ice magic.
   It makes you vulnerable to fire.
   It protects you from cold.
   It protects you from poison.
   It lets you turn invisible.
 s - a ring of resist corrosion (left hand)
Wands
 m - a wand of enslavement (5)
 r - a wand of iceblast (6)
Scrolls
 b - 5 scrolls of blinking {unknown}
 d - 4 scrolls of remove curse
 e - 3 scrolls of immolation {unknown}
 f - 2 scrolls of fog {unknown}
 g - a scroll of teleportation {unknown}
 i - 10 scrolls of identify {unknown}
 j - a scroll of enchant weapon {unknown}
 l - a scroll of noise {unknown}
 t - a scroll of enchant armour {unknown}
 u - a scroll of amnesia {unknown}


   Skills:
 - Level 4.0 Fighting
 + Level 0.0 Staves
 - Level 1.5 Dodging
 - Level 1.5 Stealth
 + Level 2.0 Shields
 + Level 6.1 Spellcasting
 + Level 5.0 Conjurations


You had 15 spell levels left.
You knew the following spells:

 Your Spells              Type           Power        Failure   Level  Hunger
a - Magic Dart            Conj           ####         1%          1    N/A
b - Searing Ray           Conj           ####..       1%          2    N/A

Your spell library contained the following spells:

 Spells                   Type           Power        Failure   Level  Hunger
 Dazzling Flash           Conj/Hex       ###...       11%         3    N/A
 Fulminant Prism          Conj/Hex       ###.......   36%         4    N/A
 Iskenderun's Mystic Bla  Conj/Tloc      ###.....     36%         4    N/A

Dungeon Overview and Level Annotations

Branches:
Dungeon (6/15)             Temple (1/1) D:4

Altars:
Ashenzari
Dithmenos
Gozag
Hepliaklqana
Kikubaaqudgha
Makhleb
Okawaru
Qazlal
Sif Muna
Uskayaw
Vehumet
Wu Jian
Xom
Yredelemnul
Zin
The Shining One

Shops:
D:4 =

Annotations:
D:4 exclusion: downstairs


Innate Abilities, Weirdness & Mutations

You do not eat or drink.
Your flesh is vulnerable to fire.
You are immune to poison.
Your flesh is cold resistant. (rC+)
You are immune to negative energy. (rN+++)
You are immune to unholy pain and torment.
You can survive without breathing.


Message History

Confirm with . or Enter, or press ? or * to list all spells.
Aiming: Magic Dart (safe; 1% risk of failure)
Press: ? - help, Shift-Dir - straight line, f/p - centaur
Aim: a centaur, wielding a +0 shortbow, wearing a +0 robe and quivering 16 arrows (moderately wounded)
The magic dart hits the centaur.
The centaur is moderately wounded.
Casting: Magic Dart (safe; 1% risk of failure)
Confirm with . or Enter, or press ? or * to list all spells.
Aiming: Searing Ray (safe; 1% risk of failure)
Press: ? - help, Shift-Dir - straight line, f/p - centaur
Aim: a centaur, wielding a +0 shortbow, wearing a +0 robe and quivering 16 arrows (moderately wounded)
The searing ray hits the centaur.
The centaur is heavily wounded. (Press . to maintain the ray.)
The centaur shoots an arrow.
The arrow hits you!
* * * LOW HITPOINT WARNING * * *
The searing ray hits the centaur!
The centaur is almost dead.
The centaur shoots an arrow.
The arrow hits you!
You die...

##. .... ...#
#### ...##⌠
##..#####......
##..............
#.............#
##..#..@......#
##.###.......#≈
##..##.........
#.....c........
##^............
#%..........#≈
##.....##...#
#......# #.##
#..#...# .#


You could see a centaur.

Vanquished Creatures
  An ogre (D:5)
  2 scorpions
  A howler monkey (D:4)
  A crimson imp (D:5)
  A centaur skeleton (D:4)
  Crazy Yiuf (D:5)
  2 orc wizards (D:4)
  A bullfrog skeleton (D:5)
  Jessica (D:2)
  Natasha (twice) (D:2)
  A howler monkey zombie (D:5)
  A gnoll (D:3)
  A howler monkey skeleton (D:4)
  7 adders
  3 shadow imps
  4 oozes
  An adder zombie (D:3)
  4 worms
  2 dart slugs
  4 leopard geckos
  6 orcs (D:3)
  13 bats
  7 giant cockroaches
  8 goblins
  8 hobgoblins
  2 quokkas
  5 frilled lizards
  9 kobolds
  A leopard gecko skeleton (D:4)
  A leopard gecko zombie (D:5)
  6 rats
107 creatures vanquished.

Notes
Turn   | Place    | Note
-------+----------+-------------------------------------------
     0 | D:1      | Eurus the Mummy Conjurer began the quest for the Orb.
     0 | D:1      | Reached XP level 1. HP: 13/13 MP: 4/4
   171 | D:1      | Reached skill level 3 in Spellcasting
   171 | D:1      | Reached XP level 2. HP: 3/20 MP: 0/6
   180 | D:1      | Learned a level 2 spell: Searing Ray
   498 | D:1      | Reached skill level 1 in Fighting
  1351 | D:1      | Reached XP level 3. HP: 25/26 MP: 4/7
  1582 | D:2      | Found a basalt altar of Yredelemnul.
  2063 | D:2      | Noticed Jessica
  2140 | D:2      | Reached XP level 4. HP: 26/33 MP: 9/9
  2281 | D:2      | Killed Jessica
  2281 | D:2      | Reached skill level 4 in Spellcasting
  2551 | D:2      | Found a glowing golden altar of the Shining One.
  2776 | D:2      | Noticed Natasha
  2781 | D:2      | Killed Natasha
  2855 | D:2      | You fall into a shaft and drop 1 floor!
  2855 | D:3      | Found a stormy altar of Qazlal.
  2866 | D:3      | Reached XP level 5. HP: 39/39 MP: 2/11
  3184 | D:2      | Noticed Natasha
  3188 | D:2      | Killed Natasha
  3340 | D:3      | Found a burning altar of Makhleb.
  3344 | D:3      | Found a glowing silver altar of Zin.
  3344 | D:3      | Noticed an angel
  3344 | D:3      | Noticed a cacodemon
  4232 | D:4      | You fall into a shaft and drop 1 floor!
  4232 | D:5      | Entered Level 5 of the Dungeon
  4234 | D:5      | Got a bound glass ring
  4244 | D:5      | Reached XP level 6. HP: 47/47 MP: 6/13
  4252 | D:5      | Reached skill level 5 in Spellcasting
  4318 | D:4      | Found Tyadgh's Jewellery Shoppe.
  4668 | D:4      | Got an ominously black robe
  4712 | D:4      | Found a shimmering blue altar of Sif Muna.
  4845 | D:4      | Got a polished mace
  4885 | D:4      | Reached skill level 1 in Shields
  4980 | D:4      | Found a staircase to the Ecumenical Temple.
  4985 | Temple   | Entered the Ecumenical Temple
  5112 | Temple   | Became a worshipper of Ashenzari the Shackled
  5112 | Temple   | Identified the ring of Zin's Esteem {Ice +Inv rPois} (You
                  | found it on level 5 of the Dungeon)
  5123 | Temple   | Identified the +3 robe of Surprise {rF+ Str+4 Int+4} (You
                  | found it on level 4 of the Dungeon)
  5518 | D:5      | Reached XP level 7. HP: 50/53 MP: 5/15
  5884 | D:5      | Reached skill level 6 in Spellcasting
  5940 | D:5      | Reached skill level 5 in Conjurations
  5947 | D:5      | Found a shimmering altar of Xom.
  6145 | D:5      | Found a runed translucent door.
  6146 | D:5      | Noticed Crazy Yiuf
  6153 | D:5      | Killed Crazy Yiuf
  6454 | D:6      | Shot with an arrow by a centaur

Levels and vault maps discovered:
D:1:      minmay_arrival_checkered_box, layout_loops_corners,
          lemuel_old_faithful
D:2:      layout_basic, old_standard_altar, old_standard_altar,
          chequers_serial_rivers_large_a, uniq_jessica, uniq_natasha
D:3:      minmay_chambers_of_threes, layout_rooms,
          grunt_temple_overflow_order_and_chaos_2, old_standard_altar,
          first_ration, palyth_stone_intersect
D:4:      layout_basic, led_sif_book, temple_doors_e, serial_shops, shop
D:5:      layout_cave_pools, old_standard_altar, uniq_crazy_yiuf_cottage
D:6:      layout_cave_pools, elyvilon_altar_4,
          nemelex_xobeh_ov_fountains_minmay, fedhas_bush_and_centaur_altar,
          minmay_joined_circles, uniq_menkaure, uniq_blork_the_orc, uniq_edmund
Temple:   nicolae_temple_figure_zero

Skill      XL: |  1  2  3  4  5  6  7 |
---------------+----------------------+-----
Spellcasting   | 3 4 5 6 |  6.1
Fighting       | 1 2 3 4 |  4.0
Conjurations   | 4 5 |  5.0
Shields        | 1 2 |  2.0
Dodging        | |  1.5
Stealth        | |  1.5

Action                   |  1- 3 |  4- 6 |  7- 9 || total
-------------------------+-------+-------+-------++-------
Melee: Unarmed           |    31 |       |       ||    31
       Club              |    48 |    97 |     7 ||   152
       Dagger            |    15 |       |       ||    15
 Cast: Magic Dart        |    54 |    49 |    16 ||   119
       Searing Ray       |     2 |    19 |     4 ||    25
Invok: Curse Item        |       |     1 |       ||     1
 Stab: Sleeping          |       |     1 |       ||     1
Armor: Robe              |    36 |    11 |     1 ||    48
Dodge: Dodged            |    95 |    73 |     5 ||   173

Table legend:
 A = Non-vault XP
 B = Vault XP
 C = Vault XP percentage of total XP
 D = Non-vault monster count
 E = Vault monster count
 F = Vault count percentage of total count
                 A         B        C        D         E       F
            +---------+---------+-------+---------+---------+-------
      Total |     798 |     246 |  23.6 |      90 |      17 |  15.9
            +---------+---------+-------+---------+---------+-------
        D:1 |      45 |       0 |   0.0 |      22 |       0 |   0.0
        D:2 |     108 |      72 |  40.0 |      26 |       2 |   7.1
        D:3 |      79 |      51 |  39.2 |      24 |      12 |  33.3
        D:4 |     201 |      82 |  29.0 |       7 |       2 |  22.2
        D:5 |     353 |      41 |  10.4 |      10 |       1 |   9.1
        D:6 |      12 |       0 |   0.0 |       1 |       0 |   0.0
            +---------+---------+-------+---------+---------+-------
